cohdb
Replays
Latest Replays
All Replays
Popular Replays
Top Player Replays
Match Explorer
How It Works
Community
CoH3 Stats
Reddit
Sign in to upload your games and track your stats! →
Sign in with Steam
Match 31320843
Unlisted
Match 31320843
Overview
Messages
Build Orders
End
Panzergrenadier Squad
Selects Italian Infantry
Panzergrenadier Squad
250 Light Carrier
Construct Light Support Kompanie
Selects Defensive Operations
2.5-tonne Medical Truck
MG34 Team
Fire Support Elements
Flakvierling Half-track
Veteran Squad Leaders
Construct Mechanized Kompanie
Combat Half-tracks
8 Rad Armored Car
Selects Guastatori Squad
8 Rad Armored Car
Selects Registered Artillery
Guastatori Squad
Durth Sheetius
Apoligies
JumpyWizard
Le_M
gUi
Handreake
0
0
Comments
sign in to comment!
No comments posted yet!